[Event "Titled Tuesday Blitz November 08 Late 2022"]
[White "Dubov, Daniil"]
[Black "Svane, Rasmus"]
[WhiteFideId "24126055"]
[BlackFideId "4657101"]
[WhiteElo "2791"]
[BlackElo "2674"]
[Result "1-0"]
[Round "09"]
[TimeControl "180+1"]
[Date "2022.11.08"]
[WhiteClock "0:00:52"]
[BlackClock "0:00:19"]

1. d4 Nf6 2. Nf3 d5 3. c4 e6 4. g3 Be7 5. Bg2 O-O 6. O-O dxc4 7. Qc2 a6 8. Rd1 b5 9. Ne5 c6 10. b3 cxb3 11. axb3 Bb7 12. Ba3 Nfd7 13. Nd3 a5 14. Bxe7 Qxe7 15. Nc3 Rc8 16. Ne4 Na6 17. Qd2 Nb4 18. Nxb4 axb4 19. Nc5 Nxc5 20. Qxb4 Qf8 21. dxc5 Rxa1 22. Rxa1 Ra8 23. Rd1 Rd8 24. Rd6 Rc8 25. Rd7 Ba8 26. Qd4 g6 27. b4 Qg7 28. Rd8+ Rxd8 29. Qxd8+ Qf8 30. Qd7 Qg7 31. Bxc6 Qa1+ 32. Kg2 Bxc6+ 33. Qxc6 Qb1 34. Qxb5 Qe4+ 35. f3 Qc2 36. Qd3 Qc1 37. Qd8+ Kg7 38. Qd4+ Kg8 39. b5 Qc2 40. Kf2 Qb1 41. b6 Qh1 42. Qh4 Qb1 43. Qd8+ Kg7 44. Qd4+ f6 45. c6 e5 46. Qc5 1-0


[Site "https://www.chess.com"]

[Event "Titled Tuesday Blitz November 08 Late 2022"]
[White "Dudzinski, Pawel"]
[Black "Annaberdiyev, Babageldi"]
[WhiteFideId "1117890"]
[BlackFideId "14000385"]
[WhiteElo "2086"]
[BlackElo "2332"]
[Result "0-1"]
[Round "09"]
[TimeControl "180+1"]
[Date "2022.11.09"]
[WhiteClock "0:00:31"]
[BlackClock "0:01:48"]

1. e4 e6 2. c4 d5 3. cxd5 exd5 4. exd5 Nf6 5. Bb5+ Bd7 6. Bc4 Bd6 7. Qe2+ Be7 8. Nc3 O-O 9. d3 Re8 10. h3 b5 11. Bb3 a5 12. a4 bxa4 13. Bxa4 Bb4 14. Be3 Nxd5 15. Qd2 Bxa4 16. Rxa4 Qg5 17. Kf1 Nxe3+ 18. fxe3 Rxe3 19. h4 Qf5+ 20. Nf3 Rxf3+ 21. gxf3 Qxf3+ 22. Kg1 Nc6 23. Ne4 Bxd2 0-1


[Site "https://www.chess.com"]

[Event "Titled Tuesday Blitz November 08 Late 2022"]
[White "Dzierzak, Radoslaw"]
[Black "Janaszak, Dawid"]
[WhiteFideId "1161407"]
[BlackFideId "1119206"]
[WhiteElo "2111"]
[BlackElo "2226"]
[Result "0-1"]
[Round "09"]
[TimeControl "180+1"]
[Date "2022.11.09"]
[WhiteClock "0:00:16"]
[BlackClock "0:01:37"]

1. e4 e5 2. Nf3 Nc6 3. Bc4 Nf6 4. d3 d5 5. exd5 Nxd5 6. O-O Nb6 7. Bb5 Bd6 8. Re1 O-O 9. Bxc6 bxc6 10. Nxe5 c5 11. Qf3 Qe7 12. Qh5 g6 13. Qe2 Re8 14. f4 f6 15. Nc3 fxe5 16. fxe5 Qxe5 17. Qxe5 Rxe5 18. Rxe5 Bxe5 19. Be3 Bd4 20. Bxd4 cxd4 21. Nb5 c5 22. Re1 Bd7 23. Re7 Bxb5 0-1


[Site "https://www.chess.com"]

[Event "Titled Tuesday Blitz November 08 Late 2022"]
[White "Faizrakhmanov, Ramil"]
[Black "Ladan, Nicholas"]
[WhiteFideId "24103209"]
[BlackFideId "30918855"]
[WhiteElo "2437"]
[BlackElo "2167"]
[Result "1-0"]
[Round "09"]
[TimeControl "180+1"]
[Date "2022.11.08"]
[WhiteClock "0:02:22"]
[BlackClock "0:01:41"]

1. d4 d5 2. c4 e6 3. Nf3 Nf6 4. Nc3 a6 5. cxd5 exd5 6. Bg5 Be6 7. e3 Nbd7 8. Bd3 c6 9. h3 Bd6 10. O-O O-O 11. Nd2 Qc7 12. f4 Nb6 13. Bxf6 gxf6 14. Qh5 Rfe8 15. Qh6 f5 16. Rf3 Kh8 17. Rg3 Ba3 18. Qg7# 1-0


[Site "https://www.chess.com"]

[Event "Titled Tuesday Blitz November 08 Late 2022"]
[White "Firouzja, Alireza"]
[Black "Xiong, Jeffery"]
[WhiteFideId "12573981"]
[BlackFideId "2047640"]
[WhiteElo "2903"]
[BlackElo "2725"]
[Result "1-0"]
[Round "09"]
[TimeControl "180+1"]
[Date "2022.11.08"]
[WhiteClock "0:00:08"]
[BlackClock "0:00:06"]

1. e4 e5 2. Nf3 Nc6 3. Bb5 Nf6 4. d3 Bc5 5. c3 O-O 6. O-O Re8 7. Bg5 h6 8. Bh4 a6 9. Ba4 g5 10. Bg3 b5 11. Bb3 d6 12. Re1 Bb6 13. Nbd2 Bb7 14. Nf1 Ne7 15. Ne3 Qd7 16. Bxe5 dxe5 17. Nxe5 Qc8 18. Bxf7+ Kg7 19. Bxe8 Qxe8 20. Qf3 Rd8 21. N3g4 Nxg4 22. Nxg4 Qf8 23. Qg3 Ng6 24. d4 c5 25. Qh3 Kh7 26. e5 cxd4 27. Nf6+ Kg7 28. cxd4 Bxd4 29. Rac1 Nxe5 30. Rc7+ Kxf6 31. Rxb7 Kg6 32. Rf1 Rd6 33. Kh1 Bxb2 34. f3 Bd4 35. g4 Kf6 36. f4 Ke6 37. fxe5 Qa8 38. Qf3 1-0


[Site "https://www.chess.com"]

[Event "Titled Tuesday Blitz November 08 Late 2022"]
[White "Floresvillar Gonzalez, Luis Migu"]
[Black "Fiol, Fabrice"]
[WhiteFideId "5100542"]
[BlackFideId "611670"]
[WhiteElo "2040"]
[BlackElo "2444"]
[Result "0-1"]
[Round "09"]
[TimeControl "180+1"]
[Date "2022.11.09"]
[WhiteClock "0:00:11"]
[BlackClock "0:00:39"]

1. e4 c5 2. d4 cxd4 3. c3 Nf6 4. e5 Nd5 5. Nf3 Nc6 6. Bc4 Nb6 7. Bb3 g6 8. cxd4 Bg7 9. Nc3 O-O 10. O-O d6 11. Bf4 Bg4 12. h3 Bxf3 13. Qxf3 Nxd4 14. Qxb7 dxe5 15. Bg5 Bf6 16. Bxf6 exf6 17. Rad1 Qd7 18. Qxd7 Nxd7 19. Bd5 Rac8 20. f4 Nb6 21. fxe5 fxe5 22. Be4 f5 23. Bb7 Rc7 24. Ba6 Kg7 25. Rfe1 Kf6 26. Kf2 Rd8 27. a4 Nc6 28. Bb5 Rxd1 29. Rxd1 Ke6 30. g4 Nd4 31. gxf5+ gxf5 32. Bd3 Nc4 33. Bxc4+ Rxc4 34. Rd2 Rb4 35. Kg3 a5 36. h4 h5 37. Rf2 f4+ 38. Kh3 Nf5 39. Rg2 f3 40. Rg6+ Kf7 41. Rg5 Rxh4# 0-1


[Site "https://www.chess.com"]

[Event "Titled Tuesday Blitz November 08 Late 2022"]
[White "Gonzalez, Francisco Silva"]
[Black "Ezat, Mohamed"]
[WhiteFideId "1512285"]
[BlackFideId "10600906"]
[WhiteElo "2159"]
[BlackElo "2386"]
[Result "0-1"]
[Round "09"]
[TimeControl "180+1"]
[Date "2022.11.09"]
[WhiteClock "0:00:50"]
[BlackClock "0:00:55"]

1. d4 Nf6 2. c4 e6 3. Nc3 Bb4 4. a3 Bxc3+ 5. bxc3 c5 6. e3 b6 7. Bd3 Ba6 8. e4 d6 9. Nf3 Nbd7 10. Qa4 Qc8 11. Bf4 e5 12. dxe5 dxe5 13. Nxe5 O-O 14. Nc6 Re8 15. f3 Bb7 16. Nxa7 Qd8 17. Rd1 Nh5 18. Bf1 Nxf4 19. Rxd7 Qb8 20. g3 Ng6 21. Nc6 Rxa4 22. Nxb8 Rxb8 23. Kd2 Ne5 24. Rd5 Bxd5 25. cxd5 Nxf3+ 26. Ke3 Ne5 27. Bb5 Rxa3 28. Kf4 f6 29. Rc1 Kf8 30. g4 Ke7 31. g5 Rb3 32. Bf1 Rb2 33. h4 Rf2+ 34. Ke3 Rf3+ 35. Kd2 Ra8 36. Kc2 c4 37. Kb2 Rf2+ 38. Kb1 Raa2 39. Re1 Kd6 40. gxf6 gxf6 41. h5 b5 42. Rd1 b4 43. cxb4 c3 44. Bd3 Rfb2+ 0-1


[Site "https://www.chess.com"]

[Event "Titled Tuesday Blitz November 08 Late 2022"]
[White "Goryachkina, Aleksandra"]
[Black "Diaz Rosas, Julio Cesar"]
[WhiteFideId "4147103"]
[BlackFideId "5105099"]
[WhiteElo "2484"]
[BlackElo "2246"]
[Result "1-0"]
[Round "09"]
[TimeControl "180+1"]
[Date "2022.11.09"]
[WhiteClock "0:00:16"]
[BlackClock "0:00:04"]

1. e4 c5 2. Nf3 d6 3. Bb5+ Nd7 4. Ba4 Nf6 5. O-O g6 6. Re1 Bg7 7. c3 O-O 8. d4 cxd4 9. cxd4 b6 10. e5 Ne8 11. Bc6 Rb8 12. Nc3 Nc7 13. exd6 exd6 14. Bg5 Nf6 15. Qd2 Bg4 16. h3 Bf5 17. d5 b5 18. a3 Bd7 19. Nd4 a6 20. Qf4 Bc8 21. b4 h6 22. Bxh6 Nh5 23. Qd2 Qf6 24. Bxg7 Qxg7 25. Re7 Na8 26. Bxa8 Rxa8 27. Rae1 Nf6 28. Ne6 Nd7 29. Nxg7 1-0


[Site "https://www.chess.com"]

[Event "Titled Tuesday Blitz November 08 Late 2022"]
[White "Gritsenko, Nikolai"]
[Black "Ferreira, Vitor Hugo Vieira"]
[WhiteFideId "14112493"]
[BlackFideId "2119765"]
[WhiteElo "2389"]
[BlackElo "2168"]
[Result "1-0"]
[Round "09"]
[TimeControl "180+1"]
[Date "2022.11.09"]
[WhiteClock "0:01:12"]
[BlackClock "0:02:04"]

1. e4 c6 2. Nf3 d5 3. Nc3 Bg4 4. Be2 dxe4 5. Nxe4 Nd7 6. O-O Ngf6 7. Ng3 e5 8. Re1 Bd6 9. Nxe5 Bxe2 10. Nxd7 Qxd7 11. Rxe2+ Kd8 12. d4 Kc7 13. Bg5 h5 14. c4 h4 15. Nf1 h3 16. c5 Bxh2+ 17. Nxh2 hxg2 18. Bf4+ Kc8 19. Qd3 Nd5 20. Bd6 Rh3 21. Qe4 Nf6 22. Qe7 Rxh2 23. Qxd7+ Kxd7 24. Bxh2 Rh8 25. Rae1 1-0


[Site "https://www.chess.com"]

[Event "Titled Tuesday Blitz November 08 Late 2022"]
[White "Guha, Eshan"]
[Black "Ashiku, Franc"]
[WhiteFideId "30958628"]
[BlackFideId "4700066"]
[WhiteElo "2396"]
[BlackElo "2306"]
[Result "0-1"]
[Round "09"]
[TimeControl "180+1"]
[Date "2022.11.09"]
[WhiteClock "0:00:04"]
[BlackClock "0:00:08"]

1. d4 Nf6 2. c4 e6 3. g3 d5 4. Bg2 dxc4 5. Nf3 Bb4+ 6. Nc3 O-O 7. O-O c6 8. Ne5 b5 9. Nxb5 Nd5 10. Na3 Ba6 11. Naxc4 f6 12. Nd3 Bxc4 13. Bxd5 cxd5 14. Nxb4 a5 15. Nd3 Nc6 16. b3 Ba6 17. Nc5 Bc8 18. Ba3 Re8 19. Rc1 Qb6 20. e3 Rd8 21. Qd2 e5 22. Bb2 e4 23. f3 exf3 24. Rxf3 Nb4 25. a3 Na6 26. Nd3 Qxb3 27. Bc3 Bg4 28. Rf4 Bh3 29. Bxa5 Rdc8 30. Nf2 Be6 31. Ra1 Rc2 32. Qe1 Nb8 33. Bd2 Nc6 34. Nd1 Rxa3 35. Rxa3 Qxa3 36. Nc3 Nb4 37. Nb5 Qa4 38. Bxb4 Qxb5 39. Bd2 Qd3 40. Rf2 Bh3 41. Ba5 Rxf2 42. Kxf2 Qf5+ 43. Kg1 Qf3 44. Qf2 Qd1+ 45. Qe1 Qd3 46. Qd2 Qb1+ 47. Qe1 Qe4 48. Qd2 h5 49. Qf2 Kf7 50. Bd2 g5 51. Qe2 Qb1+ 52. Qe1 Qd3 53. Qd1 Bg4 54. Qe1 Qe4 55. Qf2 Bf3 56. Qe1 Qf5 57. Qf2 Qg4 58. Qe1 Be4 59. Qf2 h4 60. Kf1 h3 61. Ke1 Bc2 62. Qe2 Qf5 63. Qf2 Qd3 64. Qe2 Qg6 65. Qf2 Be4 66. Qe2 Ke6 67. Qf2 Qe8 68. Qf1 Qa4 69. Qxh3+ Bf5 70. Qf1 Qa1+ 71. Kf2 Be4 72. Qh3+ Bf5 73. Qh8 Qb2 74. Qc8+ Kf7 75. Qxf5 Qxd2+ 76. Kf3 Qd1+ 77. Kg2 Qe2+ 78. Qf2 Qd3 79. Qf3 Qc2+ 80. Kh3 Ke6 81. Qg4+ Kd6 82. Qf3 Qh7+ 83. Kg2 Qc2+ 84. Kh3 Qh7+ 85. Kg2 Qg6 86. Qf2 g4 87. Qf4+ Kc6 88. h3 Qc2+ 89. Kg1 gxh3 90. Qxf6+ Kb5 91. Qf2 Qd1+ 92. Kh2 Qg4 93. Qf1+ Kb4 94. Qxh3 Qe2+ 95. Qg2 Qxe3 96. Qg1 Qe2+ 97. Qg2 Qh5+ 98. Kg1 Kc4 99. g4 Qg5 100. Qf2 Qxg4+ 101. Kf1 Qd1+ 102. Kg2 Qxd4 103. Qc2+ Qc3 104. Qe2+ Qd3 105. Qa2+ Kd4 106. Qa7+ Ke4 107. Qh7+ Ke3 108. Qh6+ Ke2 109. Qh5+ Kd2 110. Qg5+ Kc2 111. Qf6 Qe4+ 112. Kf2 d4 113. Qf8 Qe3+ 114. Kf1 d3 115. Qc8+ Kd1 116. Qc6 Qe2+ 117. Kg1 Qe1+ 118. Kg2 Qd2+ 119. Kf3 Qe2+ 120. Kf4 d2 121. Qa4+ Ke1 122. Qd4 Qf2+ 123. Ke4 Qxd4+ 124. Kxd4 d1=Q+ 125. Ke3 Qd2+ 126. Ke4 Ke2 0-1


[Site "https://www.chess.com"]

[Event "Titled Tuesday Blitz November 08 Late 2022"]
[White "Guimaraes, Marcelo Cunha"]
[Black "Kovacevic, Radmila"]
[WhiteFideId "2118068"]
[BlackFideId "933171"]
[WhiteElo "2108"]
[BlackElo "2208"]
[Result "0-1"]
[Round "09"]
[TimeControl "180+1"]
[Date "2022.11.09"]
[WhiteClock "0:01:11"]
[BlackClock "0:01:42"]

1. e4 e5 2. Nf3 f5 3. Nxe5 Qf6 4. d4 d6 5. Nc4 fxe4 6. Nc3 Qg6 7. f3 Nf6 8. fxe4 Be7 9. Qf3 Bg4 10. Qe3 O-O 11. Bd2 c6 12. h3 Be6 13. O-O-O b5 14. Na5 b4 15. Ne2 Nxe4 16. Nf4 Rxf4 17. Qxf4 Bg5 18. Qxd6 Nxd6 0-1


[Site "https://www.chess.com"]

[Event "Titled Tuesday Blitz November 08 Late 2022"]
[White "Hansen, Eric"]
[Black "Kavutskiy, Konstantin"]
[WhiteFideId "2606771"]
[BlackFideId "2026384"]
[WhiteElo "2568"]
[BlackElo "2338"]
[Result "1-0"]
[Round "09"]
[TimeControl "180+1"]
[Date "2022.11.08"]
[WhiteClock "0:01:06"]
[BlackClock "0:00:09"]

1. Nf3 Nf6 2. g3 g6 3. Bg2 Bg7 4. O-O O-O 5. d3 d5 6. c4 dxc4 7. dxc4 Nc6 8. Qa4 Be6 9. Rd1 Qc8 10. Nc3 a6 11. Nd5 Re8 12. Bf4 b5 13. Nxf6+ Bxf6 14. cxb5 axb5 15. Qxb5 Qa6 16. a4 Reb8 17. Qxa6 Rxa6 18. Ng5 Bb3 19. Rd2 Rxa4 20. Rc1 h6 21. Ne4 Ne5 22. Nc5 Ra2 23. Nxb3 Rxb3 24. Bd5 Raxb2 25. Bxb3 Rxb3 26. Rxc7 Kg7 27. Bxe5 Bxe5 28. Rxe7 Bf6 29. Ra7 Rb8 30. Rdd7 Rf8 31. Kg2 h5 32. e4 Be5 33. f4 Bc3 34. e5 Kg8 35. Kf3 Bb2 36. Rab7 Bc3 37. Ke4 Ba1 38. h3 Bc3 39. Kf3 Ba1 40. g4 hxg4+ 41. Kxg4 Bc3 42. h4 Be1 43. e6 1-0


[Site "https://www.chess.com"]

[Event "Titled Tuesday Blitz November 08 Late 2022"]
[White "Harish, Neeraj"]
[Black "D`Arruda, Ricardo D."]
[WhiteFideId "30958130"]
[BlackFideId "100692"]
[WhiteElo "1815"]
[BlackElo "2482"]
[Result "0-1"]
[Round "09"]
[TimeControl "180+1"]
[Date "2022.11.09"]
[WhiteClock "0:01:37"]
[BlackClock "0:00:58"]

1. e4 c5 2. Nf3 Nc6 3. d4 cxd4 4. Nxd4 e5 5. Nb5 a6 6. Nd6+ Bxd6 7. Qxd6 Qe7 8. Qd1 Nf6 9. Nc3 d6 10. Bg5 Be6 11. Bxf6 Qxf6 12. Nd5 Bxd5 13. Qxd5 O-O 14. Bc4 Rac8 15. O-O Nd4 16. c3 Rc5 17. Qxb7 Rxc4 18. cxd4 Rxd4 19. Qxa6 Rxe4 20. Rad1 Rd8 21. Qb6 d5 22. Qxf6 gxf6 23. Rfe1 Rxe1+ 24. Rxe1 Rb8 25. Re2 Kf8 26. Kf1 Ke7 27. Rd2 d4 28. f3 Kd6 29. Ke2 Kd5 30. Kd3 f5 31. Re2 Rc8 32. a4 Ra8 33. b3 Rc8 34. a5 Rc3+ 35. Kd2 Rxb3 36. Ke1 Rb1+ 37. Kf2 Ra1 38. Rb2 Rxa5 39. Rb7 Ra2+ 40. Kf1 e4 41. fxe4+ fxe4 42. Rxf7 e3 43. Rxh7 d3 44. Ke1 Ra1# 0-1


[Site "https://www.chess.com"]

[Event "Titled Tuesday Blitz November 08 Late 2022"]
[White "Haszon, David"]
[Black "Kumala, Aleksander"]
[WhiteFideId "733610"]
[BlackFideId "1141880"]
[WhiteElo "2211"]
[BlackElo "2269"]
[Result "1/2-1/2"]
[Round "09"]
[TimeControl "180+1"]
[Date "2022.11.09"]
[WhiteClock "0:00:06"]
[BlackClock "0:00:06"]

1. d4 Nf6 2. c4 e5 3. dxe5 Ng4 4. Nf3 Bc5 5. e3 Nc6 6. a3 a5 7. Nc3 Ngxe5 8. Nxe5 Nxe5 9. Qd5 Qe7 10. Bd2 O-O 11. Be2 Ra6 12. Ne4 Ba7 13. Bc3 Ng6 14. Bd3 Re6 15. Qxa5 Bxe3 16. fxe3 f5 17. Qxc7 fxe4 18. Be2 Ne5 19. Bb4 Qg5 20. Bxf8 Rc6 21. Qb8 Kxf8 22. O-O+ Ke7 23. Qa7 b6 24. Kh1 Qxe3 25. Rae1 Rh6 26. Qc7 Qg3 27. h3 Rxh3+ 28. gxh3 Qxh3+ 29. Kg1 Qg3+ 30. Kh1 Qh3+ 31. Kg1 Qg3+ 32. Kh1 Qh3+ 1/2-1/2


[Site "https://www.chess.com"]

[Event "Titled Tuesday Blitz November 08 Late 2022"]
[White "Howell, David W L"]
[Black "Mendonca, Mateus Nakajo"]
[WhiteFideId "410608"]
[BlackFideId "2110954"]
[WhiteElo "2567"]
[BlackElo "2310"]
[Result "1-0"]
[Round "09"]
[TimeControl "180+1"]
[Date "2022.11.08"]
[WhiteClock "0:00:07"]
[BlackClock "0:00:16"]

1. d4 d5 2. Nf3 Nf6 3. g3 b5 4. Bg2 Bb7 5. O-O Nbd7 6. b3 e6 7. Bb2 Be7 8. Nbd2 O-O 9. c4 bxc4 10. bxc4 c5 11. cxd5 Bxd5 12. dxc5 Nxc5 13. Ne5 Rb8 14. Ndc4 Bxg2 15. Qxd8 Rfxd8 16. Kxg2 Na4 17. Bc1 Rdc8 18. Be3 Bc5 19. Rfc1 Nd5 20. Bxc5 Rxc5 21. Nd7 Rbc8 22. Nxc5 Rxc5 23. Rab1 h6 24. Nd6 Ndc3 25. Rb8+ Kh7 26. Nxf7 Rf5 27. Nd6 Rd5 28. Nc4 Nxa2 29. Ra1 N2c3 30. Rb4 Nc5 31. Ne3 Rd7 32. Rc4 N3e4 33. Ra3 Rd2 34. Kf1 Rb2 35. Rc2 Rb1+ 36. Kg2 Re1 37. Rxa7 h5 38. Ra5 Nb3 39. Rxh5+ Kg6 40. Rh4 Nbd2 41. Rg4+ Kf6 42. Rf4+ Kg6 43. Nc4 Rxe2 44. Nxd2 Nxd2 45. Rd4 Nf3 46. Rg4+ Kf5 47. Rxe2 Kxg4 48. h3+ 1-0


[Site "https://www.chess.com"]

[Event "Titled Tuesday Blitz November 08 Late 2022"]
[White "Ibarra Jerez, Jose Carlos"]
[Black "Ristic, Nebojsa B"]
[WhiteFideId "2226332"]
[BlackFideId "935468"]
[WhiteElo "2638"]
[BlackElo "2320"]
[Result "1-0"]
[Round "09"]
[TimeControl "180+1"]
[Date "2022.11.08"]
[WhiteClock "0:00:20"]
[BlackClock "0:01:21"]

1. Nf3 Nf6 2. g3 b6 3. Bg2 Bb7 4. O-O g6 5. b3 Bg7 6. Bb2 O-O 7. c4 e6 8. Nc3 Ne4 9. Qc2 Nxc3 10. Bxc3 d6 11. Rac1 Nd7 12. d4 Qe7 13. e4 e5 14. Rfe1 a5 15. Rcd1 exd4 16. Nxd4 Nc5 17. h3 Ne6 18. Nf5 gxf5 19. exf5 Bxg2 20. Kxg2 Bxc3 21. Qxc3 Rae8 22. Re4 h5 23. Rd5 c6 24. f6 cxd5 25. fxe7 dxe4 26. exf8=Q+ Kxf8 27. Qh8+ Ke7 28. Qxh5 Nc5 29. Qg5+ f6 30. Qg7+ Ke6 31. h4 Nd3 32. h5 Ne1+ 33. Kf1 Nf3 34. h6 d5 35. cxd5+ Ke5 36. h7 Rc8 37. Kg2 Rc1 38. h8=Q Rg1+ 39. Kh3 Rh1+ 40. Kg4 Nh2+ 41. Kh5 Nf3+ 42. Kg6 Rxh8 43. Qxf6+ Kxd5 44. Qxh8 Ne5+ 45. Kf5 Nf7 46. Qg8 1-0


[Site "https://www.chess.com"]

[Event "Titled Tuesday Blitz November 08 Late 2022"]
[White "Indjic, Aleksandar"]
[Black "Nakamura, Hikaru"]
[WhiteFideId "911925"]
[BlackFideId "2016192"]
[WhiteElo "2592"]
[BlackElo "2909"]
[Result "0-1"]
[Round "09"]
[TimeControl "180+1"]
[Date "2022.11.08"]
[WhiteClock "0:00:03"]
[BlackClock "0:00:31"]

1. d4 Nf6 2. c4 e6 3. Nc3 Bb4 4. Qc2 O-O 5. Nf3 d5 6. Bg5 h6 7. Bxf6 Qxf6 8. a3 Bxc3+ 9. Qxc3 dxc4 10. Qxc4 Nc6 11. e3 e5 12. d5 e4 13. Nd2 Ne7 14. Rb1 Bf5 15. g4 Bxg4 16. Nxe4 Qb6 17. Be2 Bxe2 18. Kxe2 Rad8 19. Rhd1 Rfe8 20. b4 Qg6 21. Rbc1 Qh5+ 22. Ke1 Nxd5 23. Ng3 Qf3 24. Rd3 Nf4 25. Rxd8 Ng2+ 26. Kd2 Qxf2+ 27. Qe2 Rxd8+ 28. Kc3 Qxe2 29. Nxe2 Nxe3 30. Nd4 c6 31. Re1 Rxd4 32. Rxe3 Rd7 33. Re8+ Kh7 34. Kc4 g5 35. Kc5 f5 36. Rf8 f4 37. a4 a6 38. Kb6 Kg7 39. Rf5 Rf7 0-1


[Site "https://www.chess.com"]

[Event "Titled Tuesday Blitz November 08 Late 2022"]
[White "Jorquera, Marcelo"]
[Black "Papayan, Oleg"]
[WhiteFideId "3401197"]
[BlackFideId "4193911"]
[WhiteElo "2136"]
[BlackElo "2153"]
[Result "0-1"]
[Round "09"]
[TimeControl "180+1"]
[Date "2022.11.09"]
[WhiteClock "0:00:01"]
[BlackClock "0:00:03"]

1. e4 e5 2. Nc3 Nf6 3. f4 d5 4. fxe5 Nxe4 5. d3 Nxc3 6. bxc3 d4 7. Nf3 Nc6 8. Be2 dxc3 9. O-O Bc5+ 10. Kh1 O-O 11. Qe1 Nd4 12. Nxd4 Qxd4 13. Qg3 Re8 14. Bf4 a5 15. Bf3 Ra6 16. Be4 Rae6 17. Rae1 b5 18. Bf5 R6e7 19. Bg5 Rxe5 20. Rxe5 Qxe5 21. Bxc8 Qxg3 22. hxg3 Rxc8 23. Rf5 Bb4 24. Rxb5 c6 25. Rb7 h6 26. Bf4 c5 27. g4 c4 28. dxc4 Rxc4 29. Rb8+ Kh7 30. Be5 Rxg4 31. Rc8 Re4 32. Bxc3 Re2 33. Bxb4 axb4 34. Rc4 g5 35. Kg1 f5 36. Kf1 Rd2 37. g3 Kg6 38. Rxb4 Rxc2 39. Ra4 Kh5 40. Ke1 Rg2 41. Ra3 Kg4 42. Ra6 h5 43. a4 Rxg3 44. a5 Ra3 45. Ra8 h4 46. Kf2 h3 47. a6 Ra2+ 48. Ke3 h2 49. Rh8 Ra3+ 0-1


[Site "https://www.chess.com"]

[Event "Titled Tuesday Blitz November 08 Late 2022"]
[White "Joubert, Dantelle"]
[Black "Young, Ryan"]
[WhiteFideId "14310813"]
[BlackFideId "2049945"]
[WhiteElo "1507"]
[BlackElo "2289"]
[Result "0-1"]
[Round "09"]
[TimeControl "180+1"]
[Date "2022.11.09"]
[WhiteClock "0:00:04"]
[BlackClock "0:00:07"]

1. d4 Nf6 2. c4 e6 3. Nf3 Bb4+ 4. Bd2 a5 5. Nc3 d6 6. g3 O-O 7. Bg2 Qe7 8. O-O e5 9. Nd5 Nxd5 10. cxd5 e4 11. Ne1 Bxd2 12. Qxd2 Re8 13. Nc2 Nd7 14. Ne3 Nf6 15. Rac1 b6 16. Qc2 Ra7 17. Qb3 Bb7 18. Rc3 Ba8 19. Rfc1 h5 20. h4 g6 21. Qc2 Kg7 22. Rxc7 Rxc7 23. Qxc7 Qxc7 24. Rxc7 Nxd5 25. Nxd5 Bxd5 26. Rd7 Bxa2 27. Rxd6 b5 28. Rb6 Bc4 29. e3 f5 30. Bf1 Rc8 31. Bxc4 bxc4 32. Rb5 a4 33. Rb4 a3 34. bxa3 c3 35. Rb1 Kf7 36. Rc1 Ke6 37. Kf1 Kd5 38. Ke2 Kc4 39. a4 Rb8 40. Ra1 Rb2+ 41. Ke1 Kd3 42. Kd1 Rxf2 43. Ke1 Rh2 44. Ra3 Rh1+ 45. Kf2 Rb1 46. a5 Kd2 47. a6 Rb8 48. a7 Ra8 0-1


[Site "https://www.chess.com"]

[Event "Titled Tuesday Blitz November 08 Late 2022"]
[White "Kamsky, Gata"]
[Black "Fernandez De La Vara, Arnaldo"]
[WhiteFideId "2000024"]
[BlackFideId "3518388"]
[WhiteElo "2666"]
[BlackElo "2387"]
[Result "1-0"]
[Round "09"]
[TimeControl "180+1"]
[Date "2022.11.08"]
[WhiteClock "0:01:34"]
[BlackClock "0:00:01"]

1. c4 c5 2. g3 Nc6 3. Bg2 g6 4. Nc3 Bg7 5. d3 Nf6 6. e4 O-O 7. Nge2 d6 8. O-O Bg4 9. f3 Bd7 10. h3 Ne8 11. f4 Nc7 12. f5 Nd4 13. Nxd4 Bxd4+ 14. Kh1 b5 15. Bh6 Rb8 16. Qd2 a5 17. Rab1 a4 18. Ne2 Be5 19. b3 Bc6 20. Bxf8 Qxf8 21. g4 Na6 22. d4 cxd4 23. Nxd4 Bd7 24. Nxb5 Bxb5 25. cxb5 Rxb5 26. bxa4 Rc5 27. Rbc1 Qb8 28. Rxc5 Nxc5 29. a5 Qb5 30. Qd5 e6 31. fxe6 fxe6 32. Qa8+ 1-0


[Site "https://www.chess.com"]

[Event "Titled Tuesday Blitz November 08 Late 2022"]
[White "Kanakaris, Georgios"]
[Black "Mazurkiewicz, Michal"]
[WhiteFideId "4209460"]
[BlackFideId "1124943"]
[WhiteElo "2663"]
[BlackElo "2491"]
[Result "1/2-1/2"]
[Round "09"]
[TimeControl "180+1"]
[Date "2022.11.09"]
[WhiteClock "0:00:07"]
[BlackClock "0:00:11"]

1. d4 Nf6 2. Nf3 g6 3. g3 Bg7 4. Bg2 O-O 5. O-O d6 6. b3 c5 7. Bb2 Nc6 8. c4 cxd4 9. Nxd4 Qb6 10. Nxc6 bxc6 11. Nc3 Bd7 12. e4 a5 13. Na4 Qc7 14. c5 Rab8 15. cxd6 exd6 16. Rc1 c5 17. Nc3 Bc6 18. Qd2 a4 19. bxa4 Bxe4 20. Nb5 Qc6 21. f3 Bf5 22. g4 Be6 23. g5 Nh5 24. Bxg7 Nxg7 25. Qxd6 Qa8 26. Nc3 Nf5 27. Qxc5 Rfc8 28. Qf2 Qa5 29. Ne4 Qxa4 30. Rxc8+ Rxc8 31. Bh3 Qxa2 32. Qxa2 Bxa2 33. Bxf5 gxf5 34. Nd6 Rc5 35. Ra1 Be6 36. Ra8+ Kg7 37. h4 Kg6 38. Rh8 Kg7 39. Rd8 Kg6 40. Kg2 f4 41. Ne4 Rc2+ 42. Kg1 Kh5 43. Rh8 Bf5 44. Nf6+ Kxh4 45. Nxh7 Kg3 46. Kf1 Kxf3 47. Ke1 Ke3 48. Re8+ Be4 49. Kd1 Rd2+ 50. Kc1 Rc2+ 51. Kd1 Rd2+ 52. Kc1 f3 53. Rxe4+ Kxe4 54. Kxd2 Kf5 55. Ke3 Kg6 56. Nf6 Kxg5 57. Ne4+ Kg4 58. Kf2 f5 59. Nd6 Kf4 60. Nc4 Ke4 61. Nd2+ Kf4 62. Nxf3 Kg4 63. Nd4 f4 64. Ne6 f3 65. Nd4 Kg5 66. Nxf3+ 1/2-1/2


[Site "https://www.chess.com"]

[Event "Titled Tuesday Blitz November 08 Late 2022"]
[White "Kollars, Dmitrij"]
[Black "Korchmar, Vasiliy"]
[WhiteFideId "12909572"]
[BlackFideId "24131750"]
[WhiteElo "2584"]
[BlackElo "2370"]
[Result "1-0"]
[Round "09"]
[TimeControl "180+1"]
[Date "2022.11.08"]
[WhiteClock "0:00:08"]
[BlackClock "0:00:02"]

1. e4 c5 2. Nf3 d6 3. d4 cxd4 4. Nxd4 Nf6 5. Nc3 Nc6 6. f3 e5 7. Nb3 Be7 8. Be3 O-O 9. Qe2 a5 10. Na4 Be6 11. O-O-O Qe8 12. Kb1 Nd4 13. Bxd4 Qxa4 14. Be3 d5 15. Bc5 Rfe8 16. Qb5 Bd7 17. Qxa4 Bxa4 18. Bxe7 Rxe7 19. exd5 e4 20. Nc5 Be8 21. d6 Re5 22. Nxe4 Nxe4 23. fxe4 Rd8 24. Be2 Bc6 25. Bf3 Re6 26. Kc1 f6 27. Rd3 Rexd6 28. Rhd1 Rxd3 29. cxd3 Kf7 30. Kd2 g5 31. Ke3 Kg6 32. d4 h5 33. d5 Bd7 34. Rc1 g4 35. Be2 Re8 36. Kd4 Kg5 37. Rc7 Bc8 38. g3 h4 39. Rg7+ Kh6 40. Rc7 h3 41. d6 Rd8 42. Kd5 f5 43. e5 f4 44. gxf4 g3 45. hxg3 h2 46. Bf3 Bg4 47. Bh1 Rg8 48. Rc2 1-0


[Site "https://www.chess.com"]

[Event "Titled Tuesday Blitz November 08 Late 2022"]
[White "Leitao, Rafael"]
[Black "Forgacs, Attila Jr."]
[WhiteFideId "2101246"]
[BlackFideId "773654"]
[WhiteElo "2609"]
[BlackElo "2168"]
[Result "1-0"]
[Round "09"]
[TimeControl "180+1"]
[Date "2022.11.09"]
[WhiteClock "0:01:51"]
[BlackClock "0:00:46"]

1. c4 e5 2. Nc3 d6 3. g3 g6 4. Bg2 Bg7 5. Nf3 f5 6. d3 Nf6 7. O-O Nc6 8. Rb1 a5 9. a3 h6 10. b4 axb4 11. axb4 g5 12. Nd5 Nxd5 13. cxd5 Ne7 14. Qb3 f4 15. Bb2 Ng6 16. Rbc1 g4 17. Nd2 h5 18. Qc4 Qg5 19. Ne4 Qe7 20. Qxc7 Qxc7 21. Rxc7 Bf8 22. Rfc1 Bf5 23. Nf6+ Kd8 24. Be4 Bc8 25. Bxg6 1-0


[Site "https://www.chess.com"]